 Dungeon Crawl Stone Soup version 0.31-a0-37-g98a128e1d9 (webtiles) character file.

Game seed: 10963151589057962216

4746 BlueFish the Charlatan (level 10, -12/80 (86) HPs)
             Began as a Black Draconian Artificer on May 14, 2023.
             Was a Follower of Qazlal.
             Killed from afar by Nergalle (25 damage)
             ... with a bolt of negative energy
             ... on level 10 of the Dungeon.
             The game lasted 00:27:41 (8703 turns).

BlueFish the Charlatan (Black Draconian Artificer)  Turns: 8703, Time: 00:27:42

HP:   -12/80 (86)   AC: 11    Str: 22    XL:     10   Next: 23%
MP:   12/12         EV: 14    Int: 15    God:    Qazlal [*.....]
Gold: 618           SH:  1    Dex: 11    Spells: 9/9 levels left

rFire   + . .        I - +6 falchion
rCold   . . .        (no shield)
rNeg    . . .        (body armour unavailable)
rPois   .            (helmet restricted)
rElec   +            (no cloak)
rCorr   .            A - +2 pair of gloves
SInv    .            K - +0 pair of boots
Will    .....        m - amulet of regeneration
Stlth   +++          B - +6 ring of strength
HPRegen 1.13/turn    M - ring of protection from fire
MPRegen 0.13/turn

%: no passive effects
@: lethally poisoned (-12 -> -14), about to teleport, short of breath, drained
A: breathe lightning, AC +7, unfitting armour, electricity resistance,
cold-blooded
a: Breathe Lightning, Renounce Religion


You were on level 10 of the Dungeon.
You worshipped Qazlal.
Qazlal was aware of your devotion.
You visited 2 branches of the dungeon, and saw 11 of its levels.
You also visited: Ossuary.

You collected 618 gold pieces.

Inventory:

Hand Weapons
 n - a +1 dagger of flaming
 v - a +3 scimitar of freezing
 E - a +1 rapier of venom
 I - a +6 falchion (weapon)
Missiles
 z - 6 throwing nets
Armour
 w - a +2 cloak
 A - a +2 pair of gloves (worn)
 D - a scarf of resistance
 K - a +0 pair of boots (worn)
Jewellery
 m - an amulet of regeneration (around neck)
 B - a +6 ring of strength (left hand)
 J - an amulet of guardian spirit
 L - a ring of magical power
 M - a ring of protection from fire (right hand)
 O - an amulet of the acrobat
Wands
 c - a wand of charming (11)
 d - a wand of iceblast (3)
Scrolls
 e - a scroll of acquirement {unknown}
 h - a scroll of enchant weapon
 j - 2 scrolls of poison
 k - 5 scrolls of teleportation
 l - 3 scrolls of enchant armour
 q - a scroll of torment {unknown}
 s - 2 scrolls of vulnerability {unknown}
 t - 2 scrolls of blinking
 x - a scroll of amnesia {unknown}
 y - a scroll of immolation
 G - a scroll of magic mapping {unknown}
 N - a scroll of fog {unknown}
Potions
 a - 2 potions of berserk rage
 b - 2 potions of might {unknown}
 f - a potion of haste
 g - a potion of mutation
 i - 9 potions of curing
 o - a potion of resistance
 p - 4 potions of brilliance
 r - a potion of magic {unknown}
 u - 3 potions of lignification
 F - a potion of flight
 H - a potion of heal wounds {unknown}


   Skills:
 + Level 7.4 Fighting
 + Level 5.4 Short Blades
 + Level 6.6 Dodging
 + Level 6.8 Stealth
 + Level 3.1 Invocations
 + Level 7.5 Evocations


You had 9 spell levels left.
You didn't know any spells.
Your spell library contained the following spells:

 Spells                   Type           Power      Damage    Failure   Level
 Beastly Appendage        Tmut           0%         N/A       26%         1
 Freeze                   Ice            0%         1d3       26%         1
 Wereblood                Tmut           0%         N/A       38%         2
 Frozen Ramparts          Ice            0%         1d1       63%         3
 Hailstorm                Conj/Ice       0%         3d3       63%         3
 Spider Form              Tmut/Pois      0%         N/A       63%         3
 Tukima's Dance           Hex            0%         N/A       63%         3
 Passage of Golubria      Tloc           0%         N/A       95%         4
 Summon Ice Beast         Ice/Summ       0%         N/A       95%         4
 Summon Mana Viper        Hex/Summ       0%         N/A       100%        5
 Yara's Violent Unravell  Hex/Tmut       0%         3d3       100%        5
 Malign Gateway           Summ/Tloc      0%         N/A       100%        7
 Monstrous Menagerie      Summ           0%         N/A       100%        7
 Summon Horrible Things   Summ           0%         N/A       100%        8


Dungeon Overview and Level Annotations

Branches:
Dungeon (10/15)            Temple (1/1) D:6         Ossuary (visited)
   Lair: D:8-11         Orc: D:9-12

Altars:
Ashenzari
Cheibriados
Dithmenos
Elyvilon
Fedhas
Gozag
Hepliaklqana
Kikubaaqudgha
Makhleb
Nemelex Xobeh
Okawaru
Qazlal
Ru
Sif Muna
Trog
Uskayaw
Vehumet
Wu Jian
Xom
Yredelemnul
Zin
The Shining One

Annotations:
D:4 Duvessa
D:10 Nergalle


Innate Abilities, Weirdness & Mutations

You can breathe wild blasts of lightning.
Your glossy black scales are hard. (AC +7)
You cannot fit into any form of body armour.
You are resistant to electric shocks. (rElec)
You are cold-blooded and may be slowed by cold attacks.


Message History

An orc comes into view. It is wielding a +0 short sword.
The spectral orc warrior barely misses you.
No previous command to re-do.
You closely miss Nergalle.
You tail-slap Nergalle, but do no damage.
Nergalle is almost dead.
Nergalle casts a spell at you. The bolt of negative energy hits you!!
You feel drained.
The bolt of negative energy hits the spectral orc warrior.
The spectral orc warrior completely resists.
The spectral orc warrior closely misses you.
You barely miss Nergalle.
Nergalle is almost dead.
Nergalle hits you with a +0 dagger of venom.
* * * LOW HITPOINT WARNING * * *
You are poisoned.
The spectral orc warrior hits you with a +4 mace.
* * * LOW HITPOINT WARNING * * *
Okay, then.
Okay, then.
Okay, then.
Aiming: Charm
Press: ? - help, Shift-Dir - straight line, f - Nergalle
Aim: Nergalle, wielding a +0 dagger of venom and wearing a +0 robe (almost dead, chance to affect: 32%)
Okay, then.
As you read the scroll of teleportation, it crumbles to dust.
You feel strangely unstable.
You feel very sick. Nergalle closely misses you.
The spectral orc warrior closely misses you.
You hit Nergalle.
Nergalle is almost dead.
You feel very sick. Nergalle closely misses you.
The spectral orc warrior misses you.
You barely miss Nergalle.
Nergalle is almost dead.
You feel sick.
Nergalle points at you and mumbles some strange words.
The bolt of negative energy hits you!!
You feel drained.
You die...

..# #.####### #........
#.####### . #.# # ... #.# #
.....#################.# #
......)..))oo@Z........# #
..#######.######.#####.#######
#.# #.# #.>.....> #.# #.#
#.####### #.# #.# #.# #.# #.#
#.# #.# #.# #.# #.# #.# #.#
#.# #.#


You could see Nergalle, a spectral orc warrior (summoned) and an orc.

Vanquished Creatures
  Pikel (D:9)
  A hornet (D:9)
  4 wyverns
  2 vampire mosquitoes (D:10)
  2 steam dragons
  A water moccasin (D:9)
  A sky beast (D:8)
  An ice beast (D:5)
  3 orc warriors
  A centaur (D:9)
  3 lemures (D:9)
  A kobold brigand (D:9)
  A bullfrog (D:9)
  15 wights
  3 killer bees (D:7)
  7 howler monkeys
  2 jellies
  3 hounds
  3 orc priests
  3 gnoll boudas
  Jessica (D:2)
  3 iguanas
  5 orc wizards
  8 mummies (Ossuary)
  22 gnolls
  5 adders
  A white imp (D:8)
  An ufetubus (D:5)
  3 worms
  3 dart slugs
  10 orcs
  5 endoplasms
  7 giant cockroaches
  A gnoll zombie (Ossuary)
  6 goblins
  7 hobgoblins
  2 quokkas (D:1)
  9 ball pythons
  8 bats
  6 frilled lizards
  A goblin zombie (D:8)
  2 hobgoblin zombies (Ossuary)
  15 kobolds
  3 kobold zombies (Ossuary)
  2 orc zombies (Ossuary)
  A quokka zombie (D:8)
  4 rats
199 creatures vanquished.

Vanquished Creatures (collateral kills)
  Dowan (D:4)
1 creature vanquished.

Grand Total: 200 creatures vanquished

Notes
Turn   | Place    | Note
-------+----------+-------------------------------------------
     0 | D:1      | BlueFish the Draconian Artificer began the quest for the
                  | Orb.
     0 | D:1      | Reached XP level 1. HP: 16/16 MP: 1/1
    50 | D:1      | Reached skill level 1 in Stealth
   212 | D:1      | Reached XP level 2. HP: 21/23 MP: 2/2
   537 | D:1      | Found a faded altar of an unknown god.
   560 | D:1      | Reached XP level 3. HP: 28/29 MP: 3/3
   727 | D:2      | Noticed Jessica
   848 | D:2      | Killed Jessica
   849 | D:2      | Reached XP level 4. HP: 31/37 MP: 4/4
  1385 | D:3      | Reached XP level 5. HP: 44/44 MP: 5/5
  2027 | D:4      | Noticed Dowan
  2028 | D:4      | Noticed Duvessa
  2177 | D:4      | HP: 2/45 [giant cockroach (2)]
  2323 | D:4      | Reached XP level 6. HP: 41/51 MP: 6/6
  2425 | D:4      | Killed Dowan
  2605 | D:5      | Entered Level 5 of the Dungeon
  2722 | D:5      | Found a hide-covered altar of Uskayaw.
  3245 | D:5      | Noticed an ice beast
  3248 | D:5      | Killed an ice beast
  3249 | D:5      | Your scales start taking on a glossy black colour.
  3249 | D:5      | Reached XP level 7. HP: 59/59 MP: 7/7
  3249 | D:5      | Gained mutation: You are resistant to electric shocks.
                  | (rElec) [Black Draconian growth]
  4064 | D:5      | Found a shimmering blue altar of Sif Muna.
  4248 | D:6      | Found a staircase to the Ecumenical Temple.
  4271 | Temple   | Entered the Ecumenical Temple
  4537 | D:6      | Found an opulent altar of Gozag.
  4720 | D:6      | Found an ornate altar of the Wu Jian Council.
  4727 | D:6      | Reached skill level 5 in Evocations
  4756 | D:6      | Reached skill level 1 in Short Blades
  4780 | D:6      | Noticed a wyvern
  4803 | D:6      | Killed a wyvern
  5061 | D:7      | Noticed a wyvern
  5070 | D:7      | Killed a wyvern
  5071 | D:7      | Reached skill level 5 in Fighting
  5071 | D:7      | Reached XP level 8. HP: 68/68 MP: 8/8
  5139 | D:7      | Found a sacrificial altar of Ru.
  5212 | D:7      | Found a burning altar of Makhleb.
  5453 | D:7      | Reached skill level 5 in Dodging
  5696 | D:7      | Reached skill level 5 in Stealth
  6066 | D:8      | Found a stormy altar of Qazlal.
  6202 | D:8      | Found a sand-covered staircase.
  6222 | Ossuary  | Entered an ossuary
  6572 | D:8      | Reached XP level 9. HP: 50/73 MP: 9/9
  7636 | D:8      | Became a worshipper of Qazlal Stormbringer
  7643 | D:9      | Found a blossoming altar of Fedhas.
  7794 | D:9      | Reached skill level 1 in Invocations
  7945 | D:9      | Noticed Pikel
  8188 | D:9      | Reached skill level 5 in Short Blades
  8379 | D:9      | Killed Pikel
  8380 | D:9      | Reached XP level 10. HP: 62/86 MP: 10/12
  8551 | D:10     | Entered Level 10 of the Dungeon
  8674 | D:10     | Noticed Nergalle
  8695 | D:10     | Reached * piety under Qazlal
  8703 | D:10     | Killed from afar by Nergalle

Illustrated notes

Levels and vault maps discovered:
D:1:      spicycebolla_arrival_transporter_tutorial, layout_basic,
          chequers_ecumenical_altar_twisty
D:2:      layout_rooms, uniq_jessica
D:3:      layout_loops_ring
D:4:      layout_rooms, minmay_quantized, uniq_duvessa
D:5:      nicolae_cairo_tiling_large, layout_basic,
          mainiacjoe_overflow_tiny_flanked, lemuel_blue_sif_altar,
          dreamdust_gnoll_farm
D:6:      layout_basic, nicolae_wu_jian_wuxing_cycle, grunt_gozag_breadcrumbs,
          temple_pool_b
D:7:      layout_basic, nicolae_ru_great_annihilating_truth,
          mainiacjoe_overflow_paths, palyth_stone_intersect
D:8:      layout_basic, general_overflow_altar, enter_ossuary_4
D:9:      layout_stronghold, fedhas_altar_2, kennysheep_path_1, uniq_pikel
D:10:     layout_small_grid, erik_lair_dragon, david_orc_3, grunt_ministairs_14,
          uniq_fannar, uniq_nergalle, uniq_maggie
Temple:   eino_temple_lava

Skill      XL: |  1  2  3  4  5  6  7  8  9 10 |
---------------+-------------------------------+-----
Stealth        | 1 2 3 4 5 6 |  6.8
Fighting       | 2 3 4 5 6 7 |  7.4
Dodging        | 3 4 5 6 |  6.6
Evocations     | 4 5 6 7 |  7.5
Short Blades   | 2 3 5 |  5.4
Invocations    | 2 3 |  3.1

Action                     |  1- 3 |  4- 6 |  7- 9 | 10-12 || total
---------------------------+-------+-------+-------+-------++-------
  Melee: Short sword       |   139 |       |       |       ||   139
         Dagger            |    22 |   262 |   135 |       ||   419
         Tailslap          |    19 |    38 |    81 |     2 ||   140
         Club              |    27 |       |       |       ||    27
         Punch             |     2 |     2 |     8 |       ||    12
         Rapier            |       |       |   160 |       ||   160
         Falchion          |       |       |   201 |    19 ||   220
Ability: Breathe Lightning |       |       |    12 |     1 ||    13
  Evoke: Wand              |       |    15 |     7 |     4 ||    26
    Use: Scroll            |       |     3 |    13 |     1 ||    17
         Potion            |       |     1 |     1 |       ||     2
   Stab: Sleeping          |     6 |     9 |     5 |       ||    20
         Distracted        |       |     1 |     1 |       ||     2
         Paralysed         |       |       |     1 |       ||     1
 Armour: Skin              |    56 |    57 |   156 |     4 ||   273
  Dodge: Dodged            |    99 |   182 |   334 |    23 ||   638

Table legend: (Time is in decaauts)
 A = Elapsed time spent in this place.
 B = Non-inter-level travel time spent in this place.
 C = Inter-level travel time spent in this place.
 D = Time resting spent in this place.
 E = Time spent auto-exploring this place.
 F = Levels seen in this place.
 G = Mean time per level.
                   A        B        C        D        E       F      G
               +--------+--------+--------+--------+--------+-----+--------+
         Total |   8767 |   8360 |    407 |    102 |   4692 |  12 |  730.6 |
       Dungeon |   8476 |   8069 |    407 |    102 |   4530 |  10 |  847.6 |
        Temple |     71 |     71 |      0 |      0 |     49 |   1 |   71.0 |
       Ossuary |    219 |    219 |      0 |      0 |    113 |   1 |  219.0 |
               +--------+--------+--------+--------+--------+-----+--------+

Top non-repeatable levels by time:
     D:5: 1562 daAuts
     D:9: 1216 daAuts
     D:8: 1124 daAuts
     D:7: 1076 daAuts
     D:4: 807 daAuts
     D:1: 720 daAuts
     D:6: 641 daAuts
     D:3: 635 daAuts
     D:2: 538 daAuts
 Ossuary: 219 daAuts
    D:10: 154 daAuts
  Temple: 71 daAuts
